Map: Apotheosis LE

Players

LiquidMaNa (MaNa)

  • Race: Protoss Protoss
  • League: Diamond

speaknow (ByuN) - Winner!

  • Race: Terran Terran

VOD

https://www.youtube.com/watch?v=8kwEW2oTXfc

Description

Time

  • Played on: Nov. 25, 2016, 1:29 p.m.
  • Length: 8:34
Show
View Real Time Build Order
Export as new Build Order

LiquidMaNa Protoss 

Build Orders: 1 Gate Expand, Mass Adepts 

Get SALT Encoding   

  12  0:01  Probe (Chrono Boost)  
  13  0:11  Probe (Chrono Boost)  
  14  0:18  Pylon  
  14  0:22  Probe (Chrono Boost)  
  15  0:37  Probe (Chrono Boost)  
  15  0:38  Gateway  
  16  0:45  Assimilator  
  16  0:47  Probe (Chrono Boost)  
  17  0:58  Probe (Chrono Boost)  
  18  1:08  Probe (Chrono Boost)  
  19  1:25  Nexus  
  19  1:31  Cybernetics Core  
  19  1:34  Probe (Chrono Boost)  
  19  1:39  Assimilator  
  20  1:45  Probe (Chrono Boost)  
  21  1:51  Pylon  
  21  1:55  Probe (Chrono Boost)  
  22  2:06  Adept  
  22  2:14  Gateway  
  22  2:15  Gateway  
  24  2:19  Stargate  
  24  2:25  Probe (Chrono Boost)  
  24  2:26  Warp Gate  
  25  2:30  Adept  
  27  2:39  Pylon  
  29  2:52  Mothership Core (Chrono Boost)  
  29  2:53  Adept  
  29  2:58  Pylon  
  31  3:16  Void Ray  
  31  3:21  Pylon  
  35  3:30  Adept  
  35  3:31  Adept  
  39  3:42  Adept  
  39  3:48  Pylon  
  41  4:02  Phoenix  
  37  4:24  Phoenix  
  37  4:29  Adept  
  37  4:30  Adept x2  
  45  4:45  Probe (Chrono Boost)  
  42  4:52  Phoenix  
  38  4:57  Adept x2  
  40  5:02  Adept  
  38  5:09  Probe (Chrono Boost)  
  35  5:18  Adept  
  35  5:19  Adept  
  39  5:24  Adept  
  41  5:34  Phoenix  
  39  5:41  Adept  
  33  5:50  Adept  
  33  5:52  Adept  
  27  6:17  Adept  
  27  6:25  Probe (Chrono Boost)  
  28  6:30  Adept  
  30  6:35  Probe (Chrono Boost)  
  31  6:44  Phoenix  
  32  6:54  Probe (Chrono Boost)  
  32  7:05  Probe (Chrono Boost)  
  32  7:08  Adept  
  35  7:15  Probe (Chrono Boost)  
  36  7:21  Adept  
  38  7:36  Probe (Chrono Boost)  
  39  7:44  Adept  
  39  7:49  Stalker  
  42  7:58  Probe (Chrono Boost)  
  36  8:08  Probe (Chrono Boost)  
Show
View Real Time Build Order
Export as new Build Order

speaknow Terran - Winner!

Build Orders: 1/1/1, Liberator Opening 

Get SALT Encoding   

  12  0:01  SCV  
  13  0:13  SCV  
  14  0:19  Supply Depot  
  14  0:25  SCV  
  15  0:40  SCV  
  16  0:44  Barracks  
  16  0:48  Refinery  
  16  0:52  SCV  
  17  0:57  Refinery  
  17  1:04  SCV  
  18  1:16  SCV  
  19  1:31  Orbital Command, Marine  
  20  1:35  Factory  
  20  1:47  Supply Depot  
  20  1:49  Barracks Reactor  
  20  1:57  SCV  
  21  2:09  SCV  
  22  2:19  Factory Tech Lab  
  22  2:20  Starport  
  23  2:26  Marine x2  
  23  2:27  Supply Depot  
  23  2:28  SCV  
  25  2:41  Siege Tank  
  25  2:44  Marine x2  
  30  2:55  Supply Depot  
  30  2:57  Medivac  
  32  3:02  Marine x2  
  32  3:04  SCV  
  35  3:13  Siege Tank  
  35  3:19  Marine  
  38  3:20  Marine  
  40  3:29  Supply Depot  
  40  3:31  SCV  
  40  3:32  Liberator  
  41  3:48  Marine x2  
  43  3:55  Bunker  
  46  4:00  Cyclone  
  49  4:05  Marine  
  49  4:06  Marine  
  44  4:23  Marine x2  
  45  4:25  Engineering Bay  
  45  4:26  SCV  
  45  4:28  Barracks  
  46  4:32  Viking  
  48  4:38  Cyclone  
  48  4:41  SCV  
  49  4:50  Marine x2  
  46  5:03  Viking  
  47  5:08  Marine x2  
  45  5:14  Cyclone  
  45  5:15  Barracks Tech Lab  
  45  5:18  Missile Turret  
  48  5:27  Barracks  
  40  5:37  Marine x2  
  40  5:42  Viking  
  44  5:48  Marine  
  44  5:49  Stimpack  
  44  5:55  Marine x2  
  46  6:08  Marine  
  46  6:09  Terran Infantry Weapons Level 1  
  42  6:13  Marine x2  
  41  6:25  Viking  
  35  6:26  Widow Mine  
  35  6:28  Marine  
  35  6:29  Barracks Reactor  
  35  6:30  Marine  
  35  6:31  Marine  
  40  6:48  Marine  
  40  6:53  Marine  
  41  6:57  Widow Mine  
  41  7:01  SCV  
  44  7:09  Marine x2  
  44  7:11  Command Center  
  44  7:12  Missile Turret, Marine  
  44  7:13  Marine  
  48  7:16  Marine  
  51  7:28  Supply Depot  
  48  7:34  SCV  
  46  7:37  Marine x3  
  46  7:43  Bunker  
  49  7:57  Marine x2  
  50  8:02  Marine  
  40  8:15  Marine x2  
Tags
 
Add a new tag
Caveats
  • Supply blocks, unpowered buildings, or Contaminate may cause inaccurate times.
  • Supply counts are checked every 10 seconds.